 Dungeon Crawl Stone Soup version 0.28.0-45-g0d030f2227 (webtiles) character file.

Game seed: 17629521002466309181

345 pkoi the Insei (level 6, -17/50 HPs)
             Began as a Demigod Gladiator on Apr 8, 2022.
             Demolished by an ogre
             ... wielding a +0 giant club
              (23 damage)
             ... on level 4 of the Dungeon.
             The game lasted 00:03:17 (3577 turns).

pkoi the Insei (Demigod Gladiator)                  Turns: 3577, Time: 00:03:17

Health: -17/50     AC:  6    Str: 19    XL:     6   Next: 10%
Magic:  0/8        EV: 12    Int: 10    God:
Gold:   98         SH:  0    Dex: 19    Spells: 5/5 levels left

rFire   . . .      SeeInvis .     - Unarmed
rCold   . . .      Faith    .   (no shield)
rNeg    . . .      Spirit   +   h - +0 ring mail
rPois   .          Reflect  .   b - +0 helmet
rElec   .          Harm     .   (no cloak)
rCorr   .          Rampage  .   (no gloves)
Will    .....                   (no boots)
Stlth   +.........              e - amulet of guardian spirit
HPRegen 0.16/turn               (no ring)
MPRegen 0.11/turn               (no ring)

@: no status effects
A: high MP 1, forlorn, divine attributes
a: no special abilities


You were on level 4 of the Dungeon.
You visited 1 branch of the dungeon, and saw 6 of its levels.

You collected 98 gold pieces.

Inventory:

Hand Weapons
 g - a +0 spear
 j - a +0 dagger
Missiles
 c - 3 throwing nets
 d - 6 boomerangs (quivered)
 f - 2 poisoned darts
Armour
 a - a +0 leather armour
 b - a +0 helmet (worn)
 h - a +0 ring mail (worn)
 i - a +2 pair of boots
Jewellery
 e - an amulet of guardian spirit (around neck)
 k - an amulet of the acrobat
Scrolls
 m - a scroll of teleportation
Potions
 l - a potion of lignification {unknown}
 n - a potion of flight {unknown}


   Skills:
 + Level 2.8 Fighting
 - Level 1.7 Throwing
 - Level 2.6 Dodging
 * Level 6.1 Unarmed Combat


You had 5 spell levels left.
You didn't know any spells.
Your spell library contained the following spells:

 Spells                   Type           Power      Damage    Failure   Level
 Gell's Gravitas          Tloc           0%         N/A       89%         3
 Lesser Beckoning         Tloc           0%         N/A       89%         3
 Teleport Other           Tloc           0%         N/A       89%         3


Dungeon Overview and Level Annotations

Branches:
Dungeon (6/15)
 Temple: D:4-7


Innate Abilities, Weirdness & Mutations

You have an increased reservoir of magic. (+10% MP)
You shall have no god before yourself.
Your divine heritage dramatically boosts your attributes as you level up.


Message History

The ogre is severely wounded.
The ogre closely misses you.
You hit the ogre.
The ogre is severely wounded.
You barely miss the ogre. You punch the ogre.
You kill the ogre!
Your Unarmed Combat skill increases to level 6!
You have reached level 6!
Your experience leads to a dramatic increase in your attributes!
Increase (S)trength, (I)ntelligence, or (D)exterity?
You feel agile. x4
Things that are here:
a +0 giant spiked club; an ogre corpse
f - a poisoned dart
f - 2 poisoned darts (gained 1)
You now have 98 gold pieces (gained 11).
m - a scroll of teleportation
There is a stone staircase leading up here.
You climb upwards.
The ogre shouts!
Found 24 arrows.
There is a stone staircase leading down here.
An ogre is nearby!
An ogre is nearby!
You throw a boomerang. The boomerang hits the ogre!
The ogre is moderately wounded.
You hit the ogre but do no damage. You punch the ogre.
The ogre is moderately wounded.
The ogre hits you with a +0 giant club!!
* * * LOW HITPOINT WARNING * * *
You hit the ogre.
The ogre is moderately wounded.
You punch the ogre!
The ogre is severely wounded.
The ogre hits you with a +0 giant club!!
* * * LOW HITPOINT WARNING * * *
You hit the ogre.
The ogre is severely wounded.
The ogre hits you with a +0 giant club!!
You die...

# ##.#######
#..O@....#
#.(...####.#
#.#... ##.#
#. .. .. ..


You could see an ogre.

Vanquished Creatures
  An ogre (D:5)
  A centaur (D:5)
  A jelly (D:6)
  Jessica (D:2)
  Terence (D:2)
  A killer bee zombie (D:6)
  An adder (D:1)
  3 worms (D:2)
  2 dart slugs
  7 bats
  4 endoplasms
  6 goblins
  2 hobgoblins (D:1)
  10 jackals
  6 kobolds
  2 quokkas (D:1)
  4 ball pythons
  A frilled lizard (D:1)
  5 rats
59 creatures vanquished.

Notes
Turn   | Place    | Note
-------+----------+-------------------------------------------
     0 | D:1      | pkoi the Demigod Gladiator began the quest for the Orb.
     0 | D:1      | Reached XP level 1. HP: 17/17 MP: 3/3
   170 | D:1      | Reached skill level 3 in Unarmed Combat
   315 | D:1      | Reached XP level 2. HP: 24/24 MP: 4/4
   803 | D:1      | Reached XP level 3. HP: 27/29 MP: 5/5
   852 | D:1      | Reached skill level 4 in Unarmed Combat
  1941 | D:2      | Noticed Terence
  1965 | D:2      | Killed Terence
  1966 | D:2      | Reached XP level 4. HP: 26/36 MP: 4/6
  2292 | D:2      | Noticed Jessica
  2323 | D:2      | Killed Jessica
  2324 | D:2      | Reached skill level 5 in Unarmed Combat
  2810 | D:3      | You fall into a shaft and drop 3 floors!
  2860 | D:6      | Reached XP level 5. HP: 5/41 MP: 1/7
  3250 | D:5      | Entered Level 5 of the Dungeon
  3253 | D:5      | Noticed a centaur
  3266 | D:5      | Killed a centaur
  3529 | D:5      | Noticed an ogre
  3547 | D:5      | Killed an ogre
  3548 | D:5      | Reached skill level 6 in Unarmed Combat
  3548 | D:5      | Reached XP level 6. HP: 50/50 MP: 8/8
  3577 | D:4      | Demolished by an ogre

Illustrated notes

Levels and vault maps discovered:
D:1:      shiori_arrival_oz, layout_loops_corners,
          shapermc_ecumenical_altar_hornbeckon
D:2:      layout_loops_ring, uniq_terence, uniq_jessica
D:3:      layout_rooms, st_stairs_7, uniq_pargi
D:4:      layout_loops_ring, nicolae_shop_overcharged_wands
D:5:      layout_rooms, minmay_temple_entry_butterflies, uniq_sigmund
D:6:      layout_basic, uniq_prince_ribbit1

Skill      XL: |  1  2  3  4  5 |
---------------+----------------+-----
Unarmed Combat | 3 4 5 6 |  6.1
Fighting       | 2 |  2.8
Throwing       | |  1.7
Dodging        | |  2.6

Action                   |  1- 3 |  4- 6 || total
-------------------------+-------+-------++-------
Melee: Unarmed           |   171 |    97 ||   268
       Punch             |     3 |     3 ||     6
Throw: Dart              |       |     2 ||     2
       Boomerang         |       |     2 ||     2
  Use: Scroll            |     2 |     2 ||     4
       Potion            |     1 |       ||     1
Armor: Leather armour    |    45 |       ||    45
       Ring mail         |    23 |    41 ||    64
Dodge: Dodged            |   109 |    62 ||   171
